 Dungeon Crawl Stone Soup version 0.21.0-37-g46506fa (webtiles) character file.

67 doot the Firebug (level 4, 0/33 HPs)
             Began as a Draconian Fire Elementalist on Jan 31, 2018.
             Succumbed to a worker ant's poison
             ... on level 2 of the Dungeon.
             The game lasted 00:03:23 (1240 turns).

doot the Firebug (Draconian Fire Elementalist)      Turns: 1240, Time: 00:03:24

Health: 0/33       AC:  5    Str: 17    XL:     4   Next: 0%
Magic:  2/8        EV: 12    Int: 16    God:
Gold:   59         SH:  0    Dex: 12    Spells: 6/7 levels left

rFire    . . .     SeeInvis .   c - +0 hand axe
rCold    . . .     Gourm    .   (no shield)
rNeg     . . .     Faith    .   (armour unavailable)
rPois    .         Spirit   .   (helmet restricted)
rElec    .         Reflect  .   (no cloak)
rCorr    .         Harm     .   (no gloves)
MR       .....                  (no boots)
Stlth    ++........             (no amulet)
HPRegen  0.11/turn              (no ring)
MPRegen  0.11/turn              (no ring)

@: mighty, lethally poisoned (0 -> -2), very slightly contaminated, hasted, very
quick
A: unfitting armour, high mp 1, strong 1, cold-blooded, AC +5
a: no special abilities


You were on level 2 of the Dungeon.
You were near starving.

You visited 1 branch of the dungeon, and saw 2 of its levels.

You collected 59 gold pieces.

Inventory:

Hand Weapons
 c - a +0 hand axe (weapon)
Scrolls
 e - a scroll of immolation {unknown}
 g - a scroll of teleportation {unknown}
 h - a scroll of remove curse {unknown}
Books
 a - a book of Flames

   Spells                             Type                      Level
   a - Flame Tongue                   Conjuration/Fire             1
   b - Throw Flame                    Conjuration/Fire             2
   c - Conjure Flame                  Conjuration/Fire             3
   d - Inner Flame                    Hexes/Fire                   3
   e - Sticky Flame                   Conjuration/Fire             4
   f - Fireball                       Conjuration/Fire             5
Comestibles
 b - 2 rations


   Skills:
 + Level 0.2 Fighting
 + Level 0.8 Axes
 + Level 2.4 Dodging
 + Level 2.0 Stealth
 + Level 2.3 Spellcasting
 + Level 1.3 Conjurations
 + Level 3.8 Fire Magic


You had 6 spell levels left.
You knew the following spells:

 Your Spells              Type           Power        Failure   Level  Hunger
a - Flame Tongue          Conj/Fire      ##...        7%          1    #......


Dungeon Overview and Level Annotations

Branches:
Dungeon (2/15)

Altars:


Innate Abilities, Weirdness & Mutations

Your plain brown scales are hard. (AC +5)
You cannot fit into any form of body armour.
You are cold-blooded and may be slowed by cold attacks.
You have an increased reservoir of magic. (+10% MP)
Your muscles are strong. (Str +2)


Message History

It was a potion of mutation.
You feel extremely strange.
You feel stronger.
You feel more energetic.
* * * LOW HITPOINT WARNING * * *
You feel sick. The kobold barely misses you.
It was a potion of might.
You feel very mighty all of a sudden. The kobold closely misses you.
It was a potion of haste.
You feel yourself speed up.
* * * LOW HITPOINT WARNING * * *
You feel sick. The kobold hits you.
* * * LOW HITPOINT WARNING * * *
You closely miss the kobold.
You kill the kobold!
You have reached level 4!
You feel clever.
You aren't carrying any potions.
* * * LOW HITPOINT WARNING * * *
You feel sick.
Found a ration.
You die...

..... .# .# #.# ....
.##.## .. #%##.#.#.
...........####........
..#.# ... .......#.#.#
#.#.##.### #.......... .
#......... ....... ...
.......# #####..##..#..
.....######.....@.......
#..#..#.†...#.####......
........#####.# .....
.......## #.# .....
......### #.###.......
.####...#####........ ..
.# ##.....##.##..... . >
#..#............. #
#.#..####<.......


There were no monsters in sight!

Vanquished Creatures
  A worker ant (D:2)
  An ooze (D:2)
  A dart slug (D:1)
  A leopard gecko (D:1)
  2 giant cockroaches
  6 goblins (D:1)
  5 hobgoblins
  6 kobolds
  6 bats
  2 frilled lizards (D:1)
  5 rats (D:1)
36 creatures vanquished.

Notes
Turn   | Place    | Note
-------+----------+-------------------------------------------
     0 | D:1      | doot the Draconian Fire Elementalist began the quest for the Orb.
     0 | D:1      | Reached XP level 1. HP: 14/14 MP: 3/3
   351 | D:1      | Reached XP level 2. HP: 18/20 MP: 5/5
   894 | D:1      | Reached XP level 3. HP: 15/26 MP: 6/6
  1230 | D:2      | Gained mutation: Your muscles are strong. (Str +2) [potion of mutation]
  1230 | D:2      | Gained mutation: You have an increased reservoir of magic. (+10% MP) [potion of mutation]
  1232 | D:2      | HP: 1/26 [kobold (4)]
  1233 | D:2      | Reached XP level 4. HP: 2/33 MP: 1/8
  1240 | D:2      | Succumbed to a worker ant's poison

Skill      XL: |  1  2  3 |
---------------+----------+-----
Dodging        | 2 |  2.4
Stealth        | 2 |  2.0
Fighting       | |  0.2
Axes           | |  0.8
Spellcasting   | |  2.3
Conjurations   | |  1.3
Fire Magic     | |  3.8

Action                   |  1- 3 |  4- 6 || total
-------------------------+-------+-------++-------
Melee: Hand axe          |    53 |       ||    53
       Tailslap          |     7 |       ||     7
 Cast: Flame Tongue      |    29 |       ||    29
  Use: Potion            |     3 |       ||     3
 Stab: Sleeping          |     1 |       ||     1
Armor: Skin              |    35 |       ||    35
Dodge: Dodged            |    72 |       ||    72
